 Dungeon Crawl Stone Soup version 0.28.0-43-g3370ac3207 (webtiles) character file.

Game seed: 7038221502853035190

1661 smarlow the Magician (level 9, -6/65 HPs)
             Began as a Djinni Fire Elementalist on Mar 9, 2022.
             Shot with a sling bullet by Joseph (11 damage)
             ... on level 7 of the Dungeon.
             The game lasted 00:10:09 (7778 turns).

smarlow the Magician (Djinni Fire Elementalist)     Turns: 7778, Time: 00:10:10

Health: -6/65      AC:  3    Str:  7    XL:     9   Next: 20%
Gold:   216        EV: 14    Int: 20    God:
                   SH:  0    Dex: 21

rFire   + + .      SeeInvis .   p - +1 dagger (venom)
rCold   x . .      Faith    .   (no shield)
rNeg    . . .      Spirit   .   a - +0 robe
rPois   ∞          Reflect  .   (no helmet)
rElec   .          Harm     .   (no cloak)
rCorr   .          Rampage  .   o - +0 pair of gloves
Will    .....                   (boots unavailable)
Stlth   +++.......              (no amulet)
HPRegen 0.20/turn               x - +6 ring of dexterity
MPRegen 0.00/turn               (no ring)

@: flying
A: sickness immunity, fire resistance 2, cold vulnerability 1, float, innate
caster, HP casting, extra vitality 1
a: no special abilities


You were on level 7 of the Dungeon.
You visited 2 branches of the dungeon, and saw 8 of its levels.

You collected 216 gold pieces.

Inventory:

Hand Weapons
 p - a +1 dagger of venom (weapon)
Armour
 a - a +0 robe (worn)
 o - a +0 pair of gloves (worn)
Jewellery
 x - a +6 ring of dexterity (left hand)
Wands
 m - a wand of iceblast (11)
 u - a wand of flame (17)
Scrolls
 c - 2 scrolls of enchant armour {unknown}
 e - 2 scrolls of magic mapping {unknown}
 f - 2 scrolls of immolation
 i - 2 scrolls of amnesia {unknown}
 j - 4 scrolls of teleportation {unknown}
 k - 5 scrolls of identify {unknown}
 l - 3 scrolls of noise {unknown}
 n - 4 scrolls of blinking {unknown}
 q - a scroll of acquirement {unknown}
 r - a scroll of torment {unknown}
 s - a scroll of fear {unknown}
 v - a scroll of fog {unknown}
Potions
 b - 7 potions of curing {unknown}
 d - a potion of ambrosia {unknown}
 g - 2 potions of haste {unknown}
 h - 4 potions of flight {unknown}
 t - 5 potions of attraction {unknown}
 w - a potion of magic {unknown}


   Skills:
 + Level 5.0 Fighting
 + Level 4.3 Armour
 + Level 3.9 Dodging
 + Level 3.2 Stealth
 * Level 6.1 Spellcasting


You couldn't memorise any spells.
You knew the following spells:

 Your Spells              Type           Power      Damage    Failure   Level
a - Foxfire               Conj/Fire      100%       2x1d9     1%          1
b - Scorch                Fire           60%        2d8       1%          2
c - Conjure Flame         Conj/Fire      30%        6-21      2%          3
d - Inner Flame           Hex/Fire       30%        N/A       2%          3
e - Flame Wave            Conj/Fire      30%        2d8       9%          4
f - Freeze                Ice            100%       1d11      1%          1
g - Ensorcelled Hibernat  Hex/Ice        60%        N/A       1%          2
h - Lesser Beckoning      Tloc           30%        N/A       2%          3
i - Ignite Poison         Fire/Tmut/Pois 30%        N/A       2%          3
Your spell library was empty.

Dungeon Overview and Level Annotations

Branches:
Dungeon (7/15)             Temple (1/1) D:6

Altars:
Ashenzari
Cheibriados
Dithmenos
Elyvilon
Fedhas
Kikubaaqudgha
Nemelex Xobeh
Okawaru
Ru
Sif Muna
Uskayaw
Vehumet
Wu Jian
Xom
Yredelemnul
Zin

Shops:
D:2 =   D:6 *

Annotations:
D:5 3 runed translucent doors, nickcage's ghost, amateur MiFi
D:7 Joseph


Innate Abilities, Weirdness & Mutations

You are immune to sickness and miasma.
You are immune to poison.
Your flesh is very heat resistant. (rF++)
You are vulnerable to cold. (rC-)
You float through the air rather than walking.
You learn spells naturally, not from books.
Your magical power is your life essence.
You have superior vitality. (+4 MHP)


Message History

Joseph unwields a +0 quarterstaff.
Joseph wields a +0 hunting sling.
Joseph shoots a sling bullet.
The sling bullet misses you.
Casting: Scorch (safe; 1% risk of failure)
Confirm with . or Enter, or press ? or * to list all spells.
You conjure some foxfire!
The foxfire hits Joseph but does no damage.
The foxfire hits Joseph.
Joseph is lightly wounded.
Casting: Foxfire (safe; 1% risk of failure)
Confirm with . or Enter, or press ? or * to list all spells.
You conjure some foxfire!
Joseph shoots a sling bullet.
The sling bullet hits you!
Your foxfire dissipates!
The foxfire hits Joseph.
Joseph is lightly wounded.
Casting: Foxfire (safe; 1% risk of failure)
Confirm with . or Enter, or press ? or * to list all spells.
You conjure some foxfire!
Your foxfire dissipates!
The foxfire hits Joseph!
Joseph is lightly wounded.
Casting: Foxfire (safe; 1% risk of failure)
Confirm with . or Enter, or press ? or * to list all spells.
You conjure some foxfire!
The foxfire hits Joseph but does no damage.
Joseph is lightly wounded.
The foxfire hits Joseph.
Joseph is lightly wounded.
Joseph shoots a sling bullet.
The sling bullet hits you!!
Casting: Foxfire (safe; 1% risk of failure)
Confirm with . or Enter, or press ? or * to list all spells.
You conjure some foxfire!
Joseph shoots a sling bullet.
The sling bullet hits you!
Your foxfire dissipates!
The foxfire hits Joseph!
Joseph is moderately wounded.
Joseph shoots a sling bullet.
The sling bullet hits you!!
* * * LOW HITPOINT WARNING * * *
Joseph shoots a sling bullet.
The sling bullet hits you!
You die...

...... ##......#
##....### ##.......#
.......@### ##...######
...####...## ###..###
###..####...##
##...#...## ###....##
##..## ####@### ##
####......#### ###.
#............## ##...
#..........<..# #....
#.............## #....
#..............# #....
#..............# #....
#..............### ##..#
##...............####...


You could see Joseph.

Vanquished Creatures
  3 water moccasins
  An orc warrior (D:7)
  A sky beast (D:4)
  A black bear (D:6)
  2 necrophages
  An ogre (D:4)
  A phantom (D:6)
  3 scorpions
  A water moccasin skeleton (D:5)
  4 hounds
  2 bullfrog skeletons (D:6)
  2 centaur skeletons
  An iguana (D:6)
  3 orc wizards
  6 adders
  2 white imps
  2 ufetubi
  A worm (D:2)
  2 dart slugs
  8 orcs
  8 endoplasms
  3 giant cockroaches
  9 goblins
  4 hobgoblins
  6 jackals
  6 kobolds
  7 quokkas
  5 ball pythons
  9 bats
  2 frilled lizards
  4 rats
110 creatures vanquished.

Vanquished Creatures (others)
  185 foxfires
185 creatures vanquished.

Grand Total: 295 creatures vanquished

Notes
Turn   | Place    | Note
-------+----------+-------------------------------------------
     0 | D:1      | smarlow the Djinni Fire Elementalist began the quest for
                  | the Orb.
     0 | D:1      | Reached XP level 1. HP: 15/15 MP: 0/0
   125 | D:1      | Reached XP level 2. HP: 19/22 MP: 0/0
   679 | D:1      | Found a faded altar of an unknown god.
   688 | D:1      | Reached XP level 3. HP: 23/26 MP: 0/0
   688 | D:1      | Learned a level 1 spell: Freeze
   881 | D:1      | Reached skill level 1 in Fighting
  1402 | D:2      | Reached skill level 3 in Spellcasting
  1503 | D:2      | Found Taatriru's Jewellery Shoppe.
  1588 | D:2      | Reached XP level 4. HP: 30/32 MP: 0/0
  3127 | D:3      | Found a shimmering altar of Xom.
  3151 | D:3      | Reached XP level 5. HP: 30/38 MP: 0/0
  3151 | D:3      | Learned a level 2 spell: Ensorcelled Hibernation
  3284 | D:3      | You are sucked into a shaft and drop 1 floor!
  3307 | D:4      | Reached skill level 1 in Armour
  3455 | D:4      | Found a basalt altar of Yredelemnul.
  3477 | D:4      | Noticed an ogre
  3480 | D:4      | Reached XP level 6. HP: 15/45 MP: 0/0
  3818 | D:4      | Killed an ogre
  3819 | D:4      | Reached skill level 4 in Spellcasting
  4276 | D:4      | Noticed a sky beast
  4280 | D:4      | Killed a sky beast
  4281 | D:4      | Reached XP level 7. HP: 33/50 MP: 0/0
  4281 | D:4      | Learned a level 3 spell: Lesser Beckoning
  4667 | D:5      | Entered Level 5 of the Dungeon
  4725 | D:5      | Found a sparkling altar of Nemelex Xobeh.
  4932 | D:5      | Found a shadowy altar of Dithmenos.
  5086 | D:5      | Found a hide-covered altar of Uskayaw.
  5285 | D:5      | Reached skill level 5 in Spellcasting
  5379 | D:5      | Found a runed translucent gate.
  5379 | D:5      | Found a runed translucent gate.
  5379 | D:5      | Found a runed translucent gate.
  5379 | D:5      | Noticed nickcage's ghost (amateur MiFi)
  5421 | D:5      | Noticed a water moccasin
  5426 | D:5      | Killed a water moccasin
  5427 | D:5      | Reached XP level 8. HP: 50/58 MP: 0/0
  6037 | D:6      | Found a staircase to the Ecumenical Temple.
  6093 | Temple   | Entered the Ecumenical Temple
  6808 | D:6      | Found Meurruh's Assorted Antiques.
  6888 | D:6      | Found a glowing silver altar of Zin.
  7069 | D:7      | Reached XP level 9. HP: 58/63 MP: 0/0
  7069 | D:7      | Learned a level 3 spell: Ignite Poison
  7114 | D:7      | Reached skill level 6 in Spellcasting
  7547 | D:7      | Reached skill level 5 in Fighting
  7765 | D:7      | Noticed Joseph
  7778 | D:7      | Shot with a sling bullet by Joseph

Illustrated notes

Levels and vault maps discovered:
D:1:      minmay_arrival_radiant_lines, layout_loops_ring,
          hellmonk_ecumenical_altar_blasted, minmay_hexomino_u4
D:2:      layout_basic, serial_shops, nicolae_shop_crystal
D:3:      layout_basic, mainiacjoe_overflow_alcove_1
D:4:      layout_basic, yredelemnul_altar_generic,
          hangedman_abyss_or_decor_lesser_grid, fountainhead
D:5:      layout_cave_pods, nicolae_overflow_hidden_temple,
          nemelex_spade_bored_becter, old_standard_altar,
          gammafunk_ghost_necromancy
D:6:      layout_rooms, zin_statuary, minmay_temple_entry_stoned_glass,
          serial_shops, kennysheep_little_box, minmay_holes
D:7:      minmay_cornered_nines, layout_cave_pods, hangedman_decor_riveting,
          kennysheep_dice, uniq_joseph
Temple:   dpeg_chambers_temple

Skill      XL: |  1  2  3  4  5  6  7  8  9 |
---------------+----------------------------+-----
Fighting       | 1 2 3 4 5 |  5.0
Spellcasting   | 3 4 5 6 |  6.1
Armour         | 1 2 3 4 |  4.3
Stealth        | 2 3 |  3.2
Dodging        | 3 |  3.9

Action                   |  1- 3 |  4- 6 |  7- 9 || total
-------------------------+-------+-------+-------++-------
Melee: Unarmed           |     1 |       |       ||     1
       Dagger            |       |     2 |       ||     2
 Cast: Foxfire           |    76 |    32 |    12 ||   120
       Scorch            |       |    43 |    85 ||   128
       Freeze            |       |     4 |       ||     4
       Ensorcelled Hiber |       |     2 |       ||     2
 Stab: Sleeping          |       |     2 |       ||     2
Armor: Robe              |     2 |    11 |     8 ||    21
Dodge: Dodged            |     5 |    21 |    21 ||    47
